 Dungeon Crawl Stone Soup version 0.32-a0-131-g9dbbe29261 (webtiles) character file.

Game seed: 16841424667007878219

68072 wildpjah the Carver (level 14, -4/109 (111) HPs)
             Began as a Demonspawn Gladiator on Feb 6, 2024.
             Was the Champion of Dithmenos.
             Slain by an ogre mage
             ... wielding a +0 flail
              (22 damage)
             ... while paralysed by an ogre mage
             ... on level 2 of the Orcish Mines on Feb 8, 2024.
             The game lasted 01:06:06 (17128 turns).

wildpjah the Carver (Demonspawn Gladiator)         Turns: 17128, Time: 01:06:07

HP:   -4/109 (111)  AC:  2    Str: 16    XL:     14   Next: 85%
MP:   20/20         EV:  2    Int:  8    God:    Dithmenos [******]
Gold: 1198          SH:  0    Dex: 25    Spells: 13/13 levels left

rFire   . . .        p - +3 long sword (freeze)
rCold   . . .        (no shield)
rNeg    + + .        H - +0 steam dragon scales
rPois   +            c - +0 helmet
rElec   .            F - +1 cloak
rCorr   .            Y - +0 pair of gloves
SInv    .            (no boots)
Will    +....        e - amulet of regeneration
Stlth   +++++++++    f - ring of Wauf {rN++ Dex+6}
HPRegen 1.18/turn    m - ring of poison resistance
MPRegen 0.17/turn

%: no passive effects
@: paralysed, corroded, wreathed by umbra, lightly drained
A: claws 2, thin metallic scales 2, demonic guardian 3, icemail 1, condensation
shield
a: Renounce Religion, Shadow Step, Shadow Form


You were on level 2 of the Orcish Mines.
You worshipped Dithmenos.
Dithmenos was exalted by your worship.
You visited 4 branches of the dungeon, and saw 18 of its levels.
You also visited: Sewer and Volcano.

You collected 1198 gold pieces.

Inventory:

Hand Weapons
 a - a +0 long sword of venom
 p - a +3 long sword of freezing (weapon)
 x - a +0 scimitar of flaming
 y - the +0 sling of Plog {elec, rElec}
   (You found it on level 5 of the Dungeon)

   rElec:     It insulates you from electricity.
 B - a +0 falchion of flaming
 D - a +1 short sword of venom
Missiles
 d - a throwing net (quivered)
 l - 27 poisoned darts
 A - 3 javelins
Armour
 c - a +0 helmet (worn)
 F - a +1 cloak (worn)
 H - +0 steam dragon scales (worn)
 I - a +1 chain mail of fire resistance
 J - +0 acid dragon scales
 K - a +0 troll leather armour
 Q - an orb of mayhem
 Y - a +0 pair of gloves (worn)
Jewellery
 e - an amulet of regeneration (around neck)
 f - the ring of Wauf (left hand) {rN++ Dex+6}
   (You acquired it on level 8 of the Dungeon)

   [ring of dexterity]

   Dex+6:     It affects your dexterity (+6).
   rN++:      It greatly protects you from negative energy.
 m - a ring of poison resistance (right hand)
 q - an amulet of faith
 v - a +4 ring of protection
 L - a +4 ring of protection
 S - a ring of positive energy
 V - a ring of ice
 Z - a ring of resist corrosion
Wands
 i - a wand of mindburst (16)
 n - a wand of charming (26)
 r - a wand of polymorph (6)
 z - a wand of acid (8)
 C - a wand of flame (38)
 E - a wand of roots (10)
Scrolls
 b - a scroll of immolation
 k - 2 scrolls of enchant armour
 t - 2 scrolls of poison
 u - 7 scrolls of teleportation
 w - a scroll of torment
 M - a scroll of identify
 T - a scroll of silence
 U - 3 scrolls of blinking
 W - a scroll of fog
Potions
 g - 3 potions of heal wounds
 j - a potion of berserk rage
 o - a potion of enlightenment
 s - 9 potions of curing
 G - 5 potions of lignification
 N - a potion of haste
 O - 2 potions of magic
 P - 2 potions of mutation
 R - 2 potions of brilliance {unknown}
 X - a potion of resistance {unknown}


   Skills:
 + Level 10.4 Fighting
 + Level 2.0(9.5) Short Blades
 + Level 14.4 Long Blades
 - Level 1.8 Ranged Weapons
 + Level 2.7 Throwing
 + Level 7.2 Armour
 + Level 9.6 Dodging
 + Level 9.4 Stealth
 + Level 5.7 Shields
 * Level 8.1 Invocations
 * Level 6.4 Evocations
 - Level 0.5 Shapeshifting


You had 13 spell levels left.
You didn't know any spells.
Your spell library contained the following spells:

 Spells                   Type           Power      Damage    Failure   Level
 Blink                    Tloc           0%         N/A       54%         2
 Lesser Beckoning         Tloc           0%         N/A       54%         2
 Momentum Strike          Conj/Tloc      0%         3d8       54%         2
 Static Discharge         Conj/Air       0%         3-3/arc   54%         2
 Call Canine Familiar     Summ           0%         N/A       78%         3
 Dazzling Flash           Conj/Hex       0%         N/A       78%         3
 Fugue of the Fallen      Necr           0%         N/A       78%         3
 Gell's Gravitas          Tloc           0%         N/A       78%         3
 Mephitic Cloud           Conj/Alch/Air  0%         N/A       78%         3
 Ozocubu's Armour         Ice            0%         N/A       78%         3
 Sigil of Binding         Hex            0%         N/A       78%         3
 Swiftness                Air            0%         N/A       78%         3
 Teleport Other           Tloc           0%         N/A       78%         3
 Volatile Blastmotes      Fire/Tloc      0%         2d10      78%         3
 Airstrike                Air            0%         2d(0-16)  99%         4
 Dimensional Bullseye     Hex/Tloc       0%         N/A       99%         4
 Fulminant Prism          Conj/Alch      0%         3d5       99%         4
 Iskenderun's Mystic Bla  Conj/Tloc      0%         2d3       99%         4
 Manifold Assault         Tloc           0%         N/A       99%         4
 Summon Lightning Spire   Summ/Air       0%         N/A       99%         4
 Arcjolt                  Conj/Air       0%         1d10      100%        5
 Curse of Agony           Necr           0%         N/A       100%        5
 Silence                  Hex/Air        0%         N/A       100%        5


Dungeon Overview and Level Annotations

Branches:
Dungeon (10/15)            Temple (1/1) D:7            Lair (5/5) D:10
 Spider (0/4) Lair:2        Slime (0/5) Lair:5          Orc (2/2) D:10
  Sewer (visited)         Volcano (visited)
  Swamp: Lair:2-3    Shoals: Lair:2-3       Elf: Orc:2

Altars:
Ashenzari
Cheibriados
Dithmenos
Fedhas
Gozag
Hepliaklqana
Kikubaaqudgha
Makhleb
Nemelex Xobeh
Okawaru
Qazlal
Ru
Sif Muna
Trog
Uskayaw
Vehumet
Wu Jian
Xom
Yredelemnul
Jiyva
Lugonu

Shops:
D:1 [   D:4 :   D:5 *   D:8 =(((

Portals:
Abyss: Lair:5

Annotations:
D:9 2 transporters
Orc:2 Urug


Innate Abilities, Weirdness & Mutations

You have very sharp fingernails.
You are mostly covered in thin metallic scales. (AC +3)
A powerful demonic guardian rushes to your aid.
A meltable icy envelope protects you from harm. (AC +0)
A meltable shield of frost defends you. (SH +0)


Message History

You slice the ogre!! You freeze the ogre.
The ogre is severely wounded.
The ogre closely misses you.
You slash the ogre! You freeze the ogre.
You kill the ogre!
Dithmenos accepts your kill.
You start resting.
HP restored.
You climb downwards.
Level annotation: Urug The rust devil barely misses you.
The orc priest looks satisfied for a moment.
The orc warrior throws a boomerang.
You block the boomerang.
The chaos spawn bites you but does no damage.
The ogre misses you. Something hits you!
Deactivating autopickup; reactivate with Ctrl-A.
The rust devil closely misses you.
There is a stone staircase leading up, spattered with blood here.
Items here: )) [[.
The orc warrior throws a boomerang.
The boomerang closely misses you. The chaos spawn barely misses you.
The ogre misses you.
You hear some strange, mumbled words.
You suddenly lose the ability to move!
You stop ascending the stairs.
The rust devil hits you! The rust devil corrodes you!
Urug throws a javelin.
The javelin pierces through you!! The chaos spawn tail-slaps you!
The chaos spawn sears you! Something hits you. The rust devil hits you.
The rust devil corrodes you! The chaos spawn pecks you.
You are engulfed in flames!
Your icy defences dissipate!
Something hits you!
* * * LOW HITPOINT WARNING * * *
The ogre hits you with a +0 giant club.
* * * LOW HITPOINT WARNING * * *
The rust devil hits you!
* * * LOW HITPOINT WARNING * * *
A demonic guardian appears!
The rust devil corrodes you!
The orc priest calls down the wrath of Beogh upon you.
You resist with significant effort.
The ogre mage hits you with a +0 flail!!
You die...

#.##.# ....$..
.......#........
#...#.#.........
...$............
..$.......o..$#.
....o........... $
......o#3........
#.4OO.........
#.o@#.O##....#
##4#[..##.....
#.###[........ #..
#.o[...... ...
#...........
#.#.#............
#.#..........o....
.....$...o........
.##.#...$......


You could see Urug, an ogre mage (ally target), a rust devil (summoned), an orc
sorcerer, a chaos spawn (summoned), an orc warrior, an ogre, 2 orc priests, an
orc wizard and a friendly sixfirhy (summoned).

Vanquished Creatures
  Erolcha (Orc:1)
  2 hydras
  A catoblepas (Lair:3)
  An ogre mage (Volcano)
  17 two-headed ogres
  12 death yaks
  3 thrashing horrors (Lair:5)
  A hell knight (Volcano)
  A lindwurm (Lair:5)
  2 ugly things (Lair:5)
  11 elephants
  4 black mambas
  8 cane toads
  3 smoke demons (Lair:5)
  3 torpor snails
  An unseen horror (shapeshifter) (Lair:5)
  9 komodo dragons
  2 rime drakes
  2 large abominations (Lair:5)
  6 polar bears
  A troll (D:10)
  2 merfolk (Lair:1)
  A raiju (Lair:5)
  16 blink frogs
  9 dream sheep
  2 culicivoras (Lair:2)
  A spriggan (D:10)
  A spriggan (shapeshifter) (Lair:5)
  A wraith (D:10)
  9 wyverns
  A ynoxinul (Lair:5)
  44 yaks
  Grum (D:8)
  A steam dragon (D:9)
  9 basilisks
  6 small abominations (Lair:5)
  An acid dragon (D:10)
  15 water moccasins
  3 black bears
  A sky beast (D:8)
  10 orc warriors
  An ice beast (D:8)
  12 wolves
  23 ogres
  2 centaurs
  2 kobold brigands
  7 bullfrogs
  4 scorpions
  12 wights
  8 killer bees
  2 howler monkeys
  2 bombardier beetles
  2 jellies
  12 orc priests
  2 hounds (D:4)
  A sleepcap (D:7)
  Natasha (thrice) (D:2)
  6 iguanas
  17 orc wizards
  3 hell rats (Lair:3)
  3 gnolls
  14 adders
  7 river rats (Lair:3)
  2 white imps
  4 dart slugs
  3 ribbon worms
  45 orcs
  8 endoplasms
  7 giant cockroaches
  6 goblins
  3 hobgoblins
  3 jackals (D:3)
  4 quokkas
  7 ball pythons
  7 bats
  12 frilled lizards
  18 kobolds
  13 rats
512 creatures vanquished.

Vanquished Creatures (collateral kills)
  3 two-headed ogres (Orc:1)
  A death yak (Lair:3)
  A kobold blastminer (Orc:1)
  A troll (D:10)
  3 dream sheep (Lair:5)
  3 blink frogs
  A ynoxinul (Lair:5)
  2 yaks (Lair:3)
  3 small abominations (Lair:5)
  An orc warrior (D:6)
  A wolf (D:8)
  A gnoll sergeant (D:7)
  A killer bee (D:9)
  A jelly (D:8)
  6 orc priests
  4 orc wizards
  4 gnolls
  A shadow imp (D:7)
  3 dart slugs (Sewer)
  4 orcs
  A ball python (D:4)
46 creatures vanquished.

Vanquished Creatures (others)
  An orc (Orc:2)
1 creature vanquished.

Grand Total: 559 creatures vanquished

Notes
Turn   | Place    | Note
-------+----------+-------------------------------------------
     0 | D:1      | wildpjah the Demonspawn Gladiator began the quest for the
                  | Orb.
     0 | D:1      | Reached XP level 1. HP: 16/16 MP: 1/1
   196 | D:1      | Gained mutation: A meltable shield of frost defends you.
                  | (SH +0) [demonic ancestry]
   196 | D:1      | Reached XP level 2. HP: 20/22 MP: 2/2
   232 | D:1      | Reached skill level 3 in Long Blades
   378 | D:1      | Found Olixelan's Antique Armour Shoppe.
   388 | D:1      | Upgraded the game from 0.32-a0-120-gfac0567ad4 to
                  | 0.32-a0-131-g9dbbe29261
   700 | D:2      | Noticed Natasha
   703 | D:2      | Gained mutation: You are partially covered in thin metallic
                  | scales. (AC +2) [demonic ancestry]
   703 | D:2      | Reached XP level 3. HP: 27/27 MP: 3/3
   743 | D:2      | Killed Natasha
   744 | D:2      | Reached skill level 1 in Armour
   883 | D:2      | Reached XP level 4. HP: 31/34 MP: 4/4
   915 | D:2      | Identified the +1 sling of Malliruv {freeze, Int+3}
   975 | D:2      | Noticed an ogre
   990 | D:2      | Killed an ogre
   991 | D:2      | Reached skill level 4 in Long Blades
   991 | D:2      | Reached skill level 1 in Shields
   991 | D:2      | Gained mutation: You are mostly covered in thin metallic
                  | scales. (AC +3) [demonic ancestry]
   991 | D:2      | Reached XP level 5. HP: 39/39 MP: 5/5
  1058 | D:2      | Noticed Natasha
  1069 | D:2      | Killed Natasha
  1083 | D:2      | Noticed Natasha
  1093 | D:2      | Killed Natasha
  1128 | D:2      | Found a faded altar of an unknown god.
  1249 | D:2      | Gained mutation: A weak demonic guardian rushes to your
                  | aid. [demonic ancestry]
  1249 | D:2      | Reached XP level 6. HP: 39/46 MP: 6/6
  1459 | D:3      | Found a glowing drain.
  1591 | Sewer    | Entered a sewer
  1654 | Sewer    | Reached skill level 5 in Long Blades
  1971 | Sewer    | Got the Compendium of Hapless Electricity
  2252 | D:3      | Identified the serpent talisman "Upoill" {rF+ Int+2 Dex+3
                  | SInv}
  2340 | D:3      | Found a shadowy altar of Dithmenos.
  2356 | D:3      | Became a worshipper of Dithmenos the Shadowed
  2836 | D:4      | Found a blossoming altar of Fedhas.
  2891 | D:4      | Found a radiant altar of Vehumet.
  2918 | D:4      | Gained mutation: A demonic guardian rushes to your aid.
                  | [demonic ancestry]
  2918 | D:4      | Reached XP level 7. HP: 45/52 MP: 7/7
  3414 | D:4      | Reached skill level 6 in Long Blades
  3432 | D:4      | Found Doluxol's Book Boutique.
  3618 | D:5      | Entered Level 5 of the Dungeon
  3637 | D:5      | Found Godogaet's General Store.
  3858 | D:5      | Identified the +0 sling of Plog {elec, rElec}
  3876 | D:5      | Reached * piety under Dithmenos
  3924 | D:5      | Reached skill level 7 in Long Blades
  3924 | D:5      | Gained mutation: A meltable icy envelope protects you from
                  | harm. (AC +0) [demonic ancestry]
  3924 | D:5      | Reached XP level 8. HP: 53/60 MP: 8/8
  3989 | D:5      | Found a hide-covered altar of Uskayaw.
  4630 | D:6      | Reached ** piety under Dithmenos
  4746 | D:6      | Reached skill level 8 in Long Blades
  5486 | D:6      | Reached XP level 9. HP: 66/66 MP: 9/9
  5831 | D:7      | Reached skill level 1 in Stealth
  6114 | D:7      | Found a staircase to the Ecumenical Temple.
  6136 | Temple   | Entered the Ecumenical Temple
  6300 | D:7      | Found a bloodstained altar of Trog.
  6303 | D:7      | Found an opulent altar of Gozag.
  6304 | D:7      | Found a shimmering blue altar of Sif Muna.
  6305 | D:7      | Found a sacrificial altar of Ru.
  6352 | D:7      | Reached skill level 5 in Armour
  6354 | D:7      | Reached *** piety under Dithmenos
  7043 | D:8      | Found Fuedudu's Antique Weapon Shop.
  7070 | D:8      | Noticed Grum
  7099 | D:8      | Killed Grum
  7100 | D:8      | Identified a scroll of acquirement
  7100 | D:8      | Acquired the ring of Wauf {rN++ Dex+6}
  7105 | D:8      | Reached skill level 9 in Long Blades
  7346 | D:8      | Found Xiuc's Weapon Boutique.
  7583 | D:8      | Found Oxke's Jewellery Shoppe.
  7626 | D:8      | Found Odanofec's Weapon Boutique.
  7635 | D:8      | Gained mutation: You have sharp fingernails. [demonic
                  | ancestry]
  7635 | D:8      | Reached XP level 10. HP: 73/73 MP: 10/10
  7706 | D:8      | Reached skill level 5 in Fighting
  8069 | D:9      | Found a transporter.
  8077 | D:9      | Found a transporter.
  8167 | D:9      | Found a transporter.
  8396 | D:9      | Found a basalt altar of Yredelemnul.
  8909 | D:9      | Found a transporter.
  8953 | D:10     | Entered Level 10 of the Dungeon
  8953 | D:10     | Noticed a two-headed ogre
  8961 | D:10     | Killed a two-headed ogre
  8962 | D:10     | Reached skill level 10 in Long Blades
  8962 | D:10     | Reached skill level 5 in Stealth
  8973 | D:10     | Noticed a two-headed ogre
  8982 | D:10     | Killed a two-headed ogre
  8983 | D:10     | Reached skill level 5 in Dodging
  9061 | D:10     | Found a staircase to the Lair.
  9085 | D:10     | Noticed a two-headed ogre
  9090 | D:10     | Gained mutation: You have very sharp fingernails. [demonic
                  | ancestry]
  9090 | D:10     | Reached XP level 11. HP: 78/81 MP: 11/11
  9118 | D:10     | Killed a two-headed ogre
  9636 | D:10     | Found a hazy altar of Hepliaklqana.
  9664 | D:10     | Found a stormy altar of Qazlal.
  9774 | D:10     | Reached skill level 11 in Long Blades
  9847 | D:10     | Found a staircase to the Orcish Mines.
  9906 | Orc:1    | Entered Level 1 of the Orcish Mines
  9906 | Orc:1    | Noticed Erolcha
  9933 | Lair:1   | Entered Level 1 of the Lair of Beasts
 10040 | Lair:1   | Reached **** piety under Dithmenos
 10201 | Lair:1   | Found a dark tunnel.
 10208 | Volcano  | Entered a volcano
 10218 | Volcano  | Noticed a two-headed ogre
 10228 | Volcano  | Killed a two-headed ogre
 10231 | Volcano  | Noticed a two-headed ogre
 10231 | Volcano  | Noticed an ogre mage
 10323 | Volcano  | Killed a two-headed ogre
 10324 | Volcano  | Reached skill level 1 in Ranged Weapons
 10359 | Volcano  | Noticed a two-headed ogre
 10364 | Volcano  | Noticed a two-headed ogre
 10366 | Volcano  | Killed a two-headed ogre
 10376 | Volcano  | Killed a two-headed ogre
 10401 | Volcano  | Paralysed by an ogre mage for 2 turns
 10450 | Volcano  | Found a radiant altar of Vehumet.
 10452 | Volcano  | Noticed a hell knight
 10462 | Volcano  | Killed an ogre mage
 10463 | Volcano  | Reached skill level 1 in Short Blades
 10463 | Volcano  | Reached XP level 12. HP: 64/91 MP: 12/12
 10593 | Volcano  | Noticed a two-headed ogre
 10594 | Volcano  | Noticed a two-headed ogre
 10601 | Volcano  | Killed a two-headed ogre
 10605 | Volcano  | Killed a two-headed ogre
 10606 | Volcano  | Reached skill level 12 in Long Blades
 10864 | Lair:1   | Identified the +8 battleaxe of Kepem {holy, ^Fragile Str+4}
 11280 | Lair:2   | Noticed a death yak
 11288 | Lair:2   | Noticed a death yak
 11392 | Lair:2   | Noticed a death yak
 11524 | Lair:1   | Killed a death yak
 11542 | Lair:1   | Killed a death yak
 11603 | Lair:1   | Killed a death yak
 11650 | Lair:2   | Found a hole to the Spider Nest.
 11979 | Lair:2   | You fall into a shaft and drop 1 floor!
 12171 | Lair:3   | Reached ***** piety under Dithmenos
 12181 | Lair:3   | Noticed a death yak
 12198 | Lair:3   | Killed a death yak
 12199 | Lair:3   | Reached skill level 1 in Evocations
 12414 | Lair:3   | Reached skill level 1 in Invocations
 12455 | Lair:3   | Noticed a six-headed hydra
 12457 | Lair:3   | Noticed a death yak
 12458 | Lair:3   | Noticed a death yak
 12476 | Lair:3   | Killed a death yak
 12477 | Lair:3   | Gained mutation: A powerful demonic guardian rushes to your
                  | aid. [demonic ancestry]
 12477 | Lair:3   | Reached XP level 13. HP: 92/100 MP: 12/14
 12766 | Lair:3   | Reached skill level 13 in Long Blades
 14247 | Lair:5   | Entered Level 5 of the Lair of Beasts
 14319 | Lair:5   | Reached skill level 5 in Invocations
 14451 | Lair:5   | Found a blossoming altar of Fedhas.
 14825 | Lair:5   | Found a staircase to the Slime Pits.
 14827 | Lair:5   | Found a viscous altar of Jiyva.
 14890 | Lair:5   | Reached skill level 5 in Shields
 14890 | Lair:5   | Reached XP level 14. HP: 83/109 MP: 18/18
 14912 | Lair:5   | Reached skill level 5 in Evocations
 15430 | Lair:5   | Found a corrupted altar of Lugonu.
 15430 | Lair:5   | Found a one-way gate to the infinite horrors of the Abyss.
 15650 | Lair:5   | Reached skill level 10 in Fighting
 15707 | Lair:5   | Reached skill level 14 in Long Blades
 15800 | Lair:5   | Reached ****** piety under Dithmenos
 16167 | Orc:1    | Killed Erolcha
 16531 | Orc:2    | Entered Level 2 of the Orcish Mines
 16716 | Orc:2    | Noticed Urug
 16950 | Orc:1    | HP: 5/111 [ogre/+0 giant club (11)]
 17125 | Orc:2    | Paralysed by something for 4 turns
 17128 | Orc:2    | Slain by an ogre mage

Illustrated notes

Levels and vault maps discovered:
D:1:      dpeg_arrival_solitude, layout_loops_ring, serial_shops,
          nicolae_shop_gibbet_a_chance, minmay_misc_feat_nine_boxes,
          minivault_14
D:2:      layout_rooms, hellmonk_ecumenical_altar_lost_god, minmay_tetromino_s4,
          uniq_natasha
D:3:      minmay_door_path, layout_basic, nicolae_dithmenos_the_darkroom,
          mainiacjoe_sewer_entry_somewhere_in_here_1
D:4:      layout_gridville, mainiacjoe_overflow_boulevard, fiery_altar_vehumet,
          serial_shops, nicolae_shop_hallway_plus, kennysheep_small_circle
D:5:      layout_rooms, lemuel_doored_altar, serial_shops,
          nicolae_shop_tiny_glass
D:6:      layout_rooms
D:7:      layout_basic, grunt_temple_overflow_open,
          minmay_temple_entry_stoned_glass
D:8:      layout_loops_cross, serial_shops, nicolae_shop_gaudy_bauble,
          nicolae_shop_behind_doors, nicolae_shop_tiny_real_fake_doors,
          nicolae_shop_hallway_stairs, minivault_19, uniq_grum
D:9:      layout_stronghold, mainiacjoe_overflow_alcove_2, enter_bailey_8,
          nicolae_transporter_intersection
D:10:     layout_roguey, jmf_multi_god_temple2, david_lair_generic, the_hattery
Temple:   eino_wide_crystal_templ
Lair:1:   layout_cave_pods, enter_volcano_2, infiniplex_staircase_pool_2
Lair:2:   layout_regular_city, mainiacjoe_shoals_entry_four_pools,
          hellmonk_spider_entry_life_and_decay, cheibrodos_lair_lostbears,
          grunt_megastairs_3
Lair:3:   layout_roguey, minivault_11, kennysheep_abandoned_house,
          grunt_megastairs_4
Lair:4:   layout_cellular_growth, grunt_megastairs_2
Lair:5:   hellmonk_lair_end_abyssal_woods, layout_gridlike, slime_entry_1,
          basic_altar, amcnicky_mini_pool_medium, infiniplex_staircase_pool
Orc:1:    lemuel_ogre_cave, layout_diamond_mine, serial_shops,
          nicolae_shop_rolled_up, nicolae_orc_seminary, uniq_erolcha
Orc:2:    st_orc_ogre_mass, layout_caves, serial_shops, shop, uniq_urug

Skill      XL: |  1  2  3  4  5  6  7  8  9 10 11 12 13 14 |
---------------+-------------------------------------------+-----
Long Blades    | 3 4 5 7 8 9 10 11 12 13 14 | 14.4
Armour         | 1 2 4 6 7 |  7.2
Dodging        | 3 4 5 6 7 8 9 |  9.6
Shields        | 1 2 3 4 5 |  5.7
Fighting       | 3 4 6 7 8 9 10 | 10.4
Throwing       | 2 |  2.7
Stealth        | 3 5 6 8 9 |  9.4
Ranged Weapons | 1 |  1.8
Short Blades   | 1 2 |  2.0
Evocations     | 1 4 6 |  6.4
Invocations    | 1 6 8 |  8.1
Shapeshifting  | |  0.5

Action                     |  1- 3 |  4- 6 |  7- 9 | 10-12 | 13-15 || total
---------------------------+-------+-------+-------+-------+-------++-------
  Melee: Long sword        |   152 |   245 |   173 |   513 |   860 ||  1943
         Punch             |     4 |    11 |    41 |    84 |   130 ||   270
         Falchion          |       |       |   338 |    89 |    53 ||   480
         Short sword       |       |       |       |    21 |    18 ||    39
         Scimitar          |       |       |       |    18 |    32 ||    50
         Great sword       |       |       |       |     6 |       ||     6
   Fire: Sling             |       |       |       |    37 |       ||    37
  Throw: Throwing net      |       |     2 |       |     2 |     3 ||     7
         Javelin           |       |     1 |    10 |       |       ||    11
         Dart              |       |       |       |     1 |     4 ||     5
 Invoke: Shadow Step       |       |       |       |     1 |     1 ||     2
  Evoke: Wand              |       |       |       |     7 |     3 ||    10
    Use: Scroll            |       |     2 |     2 |    11 |     6 ||    21
         Potion            |       |     1 |     1 |     1 |     1 ||     4
   Stab: Held in net/web   |       |     1 |       |     3 |     3 ||     7
         Distracted        |       |       |     1 |     1 |    13 ||    15
         Sleeping          |       |       |       |    19 |    13 ||    32
 Armour: Leather armour    |    13 |       |       |       |       ||    13
         Chain mail        |    83 |   248 |   422 |   133 |       ||   886
         Steam dragon scal |       |       |       |   207 |   465 ||   672
  Dodge: Dodged            |    63 |   125 |   222 |   418 |  1014 ||  1842
  Block: Other             |    24 |    55 |    66 |    89 |   144 ||   378
         Form:             |       |       |     1 |       |       ||     1
         Beast             |       |       |     1 |       |       ||     1

Table legend: (Time is in decaauts)
 A = Elapsed time spent in this place.
 B = Non-inter-level travel time spent in this place.
 C = Inter-level travel time spent in this place.
 D = Time resting spent in this place.
 E = Time spent auto-exploring this place.
 F = Levels seen in this place.
 G = Mean time per level.
                   A        B        C        D        E       F      G
               +--------+--------+--------+--------+--------+-----+--------+
         Total |  16944 |  16223 |    721 |    900 |  10352 |  20 |  847.2 |
       Dungeon |   9350 |   9058 |    292 |    481 |   6304 |  10 |  935.0 |
        Temple |     37 |     37 |      0 |      0 |     36 |   1 |   37.0 |
          Lair |   5425 |   5053 |    372 |    145 |   3035 |   5 | 1085.0 |
  Orcish Mines |    917 |    861 |     56 |    192 |    352 |   2 |  458.5 |
         Sewer |    691 |    691 |      0 |      0 |    437 |   1 |  691.0 |
       Volcano |    521 |    521 |      0 |     82 |    187 |   1 |  521.0 |
               +--------+--------+--------+--------+--------+-----+--------+

Top non-repeatable levels by time:
  Lair:5: 1567 daAuts
  Lair:3: 1223 daAuts
     D:8: 1196 daAuts
     D:6: 1132 daAuts
     D:7: 1126 daAuts
  Lair:4: 1064 daAuts
     D:9: 1063 daAuts
  Lair:1: 1056 daAuts
    D:10: 980 daAuts
     D:3: 926 daAuts
     D:4: 871 daAuts
   Orc:1: 858 daAuts
     D:2: 750 daAuts
     D:1: 700 daAuts
   Sewer: 691 daAuts
